 Dungeon Crawl Stone Soup version 0.28-a0-980-g3664467d6e (webtiles) character file.

Game seed: 9607520963930161676

98 Htamos the Digger (level 4, -4/38 HPs)
             Began as a Deep Dwarf Earth Elementalist on Dec 2, 2021.
             Slain by an iguana (8 damage)
             ... on level 3 of the Dungeon.
             The game lasted 00:05:34 (2032 turns).

Htamos the Digger (Deep Dwarf Earth Elementalist)   Turns: 2032, Time: 00:05:34

Health: -4/38      AC:  8    Str: 14    XL:     4   Next: 44%
Magic:  7/7        EV:  6    Int: 15    God:
Gold:   89         SH:  0    Dex: 13    Spells: 6/7 levels left

rFire   . . .      SeeInvis .   a - +0 mace (flame)
rCold   . . .      Faith    .   (no shield)
rNeg    . . .      Spirit   .   h - +0 chain mail
rPois   .          Reflect  .   (no helmet)
rElec   .          Harm     .   (no cloak)
rCorr   .          Rampage  .   (no gloves)
Will    .....                   (no boots)
Stlth   ..........              (no amulet)
HPRegen 0.00/turn               (no ring)
MPRegen 0.10/turn               (no ring)

@: no status effects
A: damage resistance, heal wounds, sense surroundings 1, no regeneration
a: Heal Wounds


You were on level 3 of the Dungeon.
You visited 1 branch of the dungeon, and saw 3 of its levels.

You collected 89 gold pieces.

Inventory:

Hand Weapons
 a - a +0 mace of flaming (weapon)
Missiles
 c - 38 stones
Armour
 b - a +0 robe
 h - a +0 chain mail (worn)
Scrolls
 d - a scroll of teleportation
 f - a scroll of blinking


   Skills:
 * Level 1.4 Fighting
 * Level 1.0 Maces & Flails
 * Level 0.9 Armour
 - Level 2.6 Dodging
 - Level 2.8 Stealth
 + Level 2.2 Spellcasting
 - Level 1.2 Transmutations
 + Level 4.6 Earth Magic
 + Level 1.2 Invocations


You had 6 spell levels left.
You knew the following spells:

 Your Spells              Type           Power      Damage    Failure   Level
a - Sandblast             Erth           30%        2d9       67%         1

Your spell library contained the following spells:

 Spells                   Type           Power      Damage    Failure   Level
 Passwall                 Tmut/Erth      8%         N/A       96%         2
 Shock                    Conj/Air       4%         1d3       99%         1
 Stone Arrow              Conj/Erth      16%        3d8       100%        3
 Swiftness                Air            1%         N/A       100%        3
 Airstrike                Air            0%         N/A       100%        4
 Petrify                  Tmut/Erth      10%        N/A       100%        4


Dungeon Overview and Level Annotations

Branches:
Dungeon (3/15)

Altars:
Cheibriados
Kikubaaqudgha

Shops:
D:1 ?


Innate Abilities, Weirdness & Mutations

You are resistant to damage.
You can heal yourself by infusing magical energy.
You passively map a small area around you.
You do not regenerate.


Message History

The iguana is severely wounded.
The iguana bites you.
You hit the iguana. You burn the iguana.
The iguana is almost dead.
The iguana barely misses you. x2
You sock the iguana! You burn the iguana.
You kill the iguana!
Your Maces & Flails skill increases to level 1!
You see here an iguana corpse.
Okay, then.
There is a stone staircase leading down here.
You climb downwards.
The iguana bites you!
There is a stone staircase leading up, spattered with blood here.
You hit the iguana. You burn the iguana.
The iguana is moderately wounded.
The iguana bites you but does no damage.
The iguana bites you.
You hit the iguana but do no damage.
The iguana is moderately wounded.
The iguana barely misses you.
You hit the iguana but do no damage.
The iguana is moderately wounded.
The iguana hisses menacingly.
The iguana barely misses you.
You hit the iguana. You burn the iguana.
The iguana is heavily wounded.
The iguana bites you!
* * * LOW HITPOINT WARNING * * *
The iguana completely misses you.
You hit the iguana. You burn the iguana.
The iguana is severely wounded.
The iguana bites you!
* * * LOW HITPOINT WARNING * * *
You barely miss the iguana.
The iguana is severely wounded.
The iguana bites you but does no damage.
You hit the iguana. You burn the iguana.
The iguana is almost dead.
The iguana barely misses you. The iguana bites you!
You die...

, , * , ...o ,
,,, .... #....
,, ,, .....
#.... , .....
, *#.....,, ,
, ..... ....K.
* * , , ... ,
......#+######
, , *# ,, ,
l........)@..#
, , ,, ,
...........l.#
##### ,
.............#
#.... ,
....#.!......#
#.... ...
#........#
#.... , .
#........#
#....
##########
#.#.. #.#.# ,
, #.#.#


You could see an iguana.

Vanquished Creatures
  An iguana (D:2)
  2 adders (D:3)
  A worm (D:2)
  A dart slug (D:1)
  2 orcs
  4 endoplasms
  4 giant cockroaches
  2 hobgoblins (D:2)
  4 jackals
  A quokka (D:3)
  5 ball pythons
  4 bats
  5 frilled lizards
  5 goblins
  3 kobolds
  A rat (D:2)
45 creatures vanquished.

Notes
Turn   | Place    | Note
-------+----------+-------------------------------------------
     0 | D:1      | Htamos the Deep Dwarf Earth Elementalist began the quest
                  | for the Orb.
     0 | D:1      | Reached XP level 1. HP: 15/15 MP: 3/3
    63 | D:1      | Found Jimadd's Magic Scroll Shoppe.
    65 | D:1      | Reached skill level 1 in Transmutations
   184 | D:1      | Reached XP level 2. HP: 20/22 MP: 2/4
   747 | D:1      | Found a faded altar of an unknown god.
  1224 | D:2      | Reached XP level 3. HP: 21/30 MP: 6/6
  1829 | D:3      | Found a snail-covered altar of Cheibriados.
  1868 | D:3      | Found an ancient bone altar of Kikubaaqudgha.
  1932 | D:3      | Reached skill level 1 in Fighting
  1949 | D:3      | Reached skill level 1 in Invocations
  1968 | D:3      | Reached XP level 4. HP: 19/38 MP: 2/7
  2022 | D:2      | Reached skill level 1 in Maces & Flails
  2032 | D:3      | Slain by an iguana

Illustrated notes

Levels and vault maps discovered:
D:1:      lightli_arrival_chessboard, layout_rooms, serial_shops,
          nicolae_shop_hallway_plus, shapermc_ecumenical_altar_notcrosses
D:2:      layout_loops_ring, amethyst_killhole
D:3:      layout_basic, lemuel_tele_altar, mainiacjoe_overflow_two_lobes

Skill      XL: |  1  2  3  4 |
---------------+-------------+-----
Transmutations | 1 |  1.2
Spellcasting   | 2 |  2.2
Fighting       | 1 |  1.4
Invocations    | 1 |  1.2
Maces & Flails | 1 |  1.0
Armour         | |  0.9
Dodging        | |  2.6
Stealth        | |  2.8
Earth Magic    | |  4.6

Action                   |  1- 3 |  4- 6 || total
-------------------------+-------+-------++-------
Melee: Mace              |    95 |    17 ||   112
 Cast: Sandblast         |    28 |       ||    28
  Use: Scroll            |     5 |       ||     5
       Potion            |     3 |     1 ||     4
Armor: Robe              |     3 |       ||     3
       Chain mail        |    86 |     3 ||    89
       Skin              |     8 |       ||     8
Dodge: Dodged            |    42 |    10 ||    52

Table legend: (Time is in decaauts)
 A = Elapsed time spent in this place.
 B = Non-inter-level travel time spent in this place.
 C = Inter-level travel time spent in this place.
 D = Time resting spent in this place.
 E = Time spent auto-exploring this place.
 F = Levels seen in this place.
 G = Mean time per level.
                   A        B        C        D        E       F      G
               +--------+--------+--------+--------+--------+-----+--------+
         Total |   2080 |   1992 |     88 |     68 |   1482 |   3 |  693.3 |
       Dungeon |   2080 |   1992 |     88 |     68 |   1482 |   3 |  693.3 |
               +--------+--------+--------+--------+--------+-----+--------+

Top non-repeatable levels by time:
     D:1: 937 daAuts
     D:2: 870 daAuts
     D:3: 273 daAuts
